 Dungeon Crawl Stone Soup version 0.30-a0-723-gc1506a1cf0 (webtiles) character file.

Game seed: 9629324553875405372

425 Absynth the Poker (level 6, -13/47 HPs)
             Began as a Demonspawn Gladiator on Jan 28, 2023.
             Was a Follower of Okawaru.
             Mangled by a kobold
             ... wielding a +0 whip of distortion
              (21 damage)
             ... on level 5 of the Dungeon.
             The game lasted 00:08:30 (4336 turns).

Absynth the Poker (Demonspawn Gladiator)            Turns: 4336, Time: 00:08:31

Health: -13/47     AC:  2    Str: 15    XL:     6   Next: 64%
Magic:  6/6        EV:  5    Int: 11    God:    Okawaru [*.....]
Gold:   179        SH:  0    Dex: 14    Spells: 5/5 levels left

rFire   . . .      SeeInvis .    a - +0 trident
rCold   . . .      Faith    +    (no shield)
rNeg    . . .      Spirit   .    w - +0 plate armour
rPois   .          Reflect  .    (helmet restricted)
rElec   .          Harm     .    (no cloak)
rCorr   +          Rampage  .    (no gloves)
Will    .....                    l - +0 pair of boots Stlth
                                 D - amulet of faith
HPRegen 0.27/turn                g - ring of resist corrosion
MPRegen 0.10/turn                (no ring)

@: corroded, on berserk cooldown, slowed, very slow
A: horns 1, yellow scales 1, powered by death 1
a: Renounce Religion, Heroism


You were on level 5 of the Dungeon.
You worshipped Okawaru.
Okawaru was aware of your devotion.
You visited 2 branches of the dungeon, and saw 6 of its levels.

You collected 179 gold pieces.

Inventory:

Hand Weapons
 a - a +0 trident (weapon)
 y - a +0 flail
Missiles
 d - 3 throwing nets (quivered)
 e - 6 javelins
 z - 2 poisoned darts
Armour
 c - a +0 helmet
 l - a +0 pair of boots (worn)
 w - a +0 plate armour (worn)
Jewellery
 g - a ring of resist corrosion (left hand)
 D - an amulet of faith (around neck)
Wands
 n - a wand of polymorph (13)
 p - a wand of flame (30)
Scrolls
 h - 6 scrolls of identify {unknown}
 j - 4 scrolls of noise {unknown}
 m - 2 scrolls of blinking {unknown}
 q - 3 scrolls of teleportation {unknown}
 r - 2 scrolls of brand weapon {unknown}
 s - a scroll of enchant weapon {unknown}
 u - a scroll of magic mapping {unknown}
 v - 3 scrolls of fear {unknown}
 A - a scroll of vulnerability {unknown}
Potions
 b - a potion of cancellation {unknown}
 f - 2 potions of haste {unknown}
 i - 2 potions of might {unknown}
 k - 4 potions of mutation {unknown}
 o - 4 potions of curing {unknown}
 t - a potion of flight {unknown}
 x - 2 potions of magic {unknown}
 B - a potion of resistance {unknown}
 C - 2 potions of brilliance {unknown}


   Skills:
 + Level 3.6 Fighting
 * Level 4.8 Polearms
 - Level 1.7 Throwing
 + Level 2.5 Armour
 + Level 3.8 Dodging


You had 5 spell levels left.
You didn't know any spells.
Your spell library contained the following spells:

 Spells                   Type           Power      Damage    Failure   Level
 Inner Flame              Hex/Fire       0%         N/A       100%        3
 Flame Wave               Conj/Fire      0%         2d4       100%        4
 Sticky Flame             Conj/Fire      0%         2d3       100%        4
 Summon Small Mammal      Summ           Unusable   N/A       N/A         1
 Call Canine Familiar     Summ           Unusable   N/A       N/A         3
 Summon Guardian Golem    Hex/Summ       Unusable   N/A       N/A         3

Dungeon Overview and Level Annotations

Branches:
Dungeon (5/15)             Temple (1/1) D:5

Altars:
Cheibriados
Fedhas
Gozag
Hepliaklqana
Kikubaaqudgha
Nemelex Xobeh
Okawaru
Qazlal
Ru
Sif Muna
Trog
Uskayaw
Wu Jian
Xom


Innate Abilities, Weirdness & Mutations

You have a pair of small horns on your head.
You are partially covered in yellow scales. (AC +2)
You regenerate a little health from kills.


Message History

Flugkiller's ghost seems to be corroded for longer.
Flugkiller's ghost is destroyed!
The bolt of acid hits you! You resist.
* * * LOW HITPOINT WARNING * * *
The acid corrodes you!
You puncture the kobold!
You kill the kobold!
Okawaru accepts your kill.
The kobold hits you with a +0 whip of distortion.
* * * LOW HITPOINT WARNING * * *
You blink.
You feel a strong urge to attack something.
You are no longer berserk.
You are exhausted.
You feel yourself slow down.
The kobold zaps a wand.
The bolt of acid hits you! You resist.
* * * LOW HITPOINT WARNING * * *
The acid corrodes you!
You reach to attack!
You hit the kobold but do no damage. You closely miss the kobold.
You headbutt the kobold, but do no damage.
The kobold hits you but does no damage.
The kobold hits you with a +0 whip of distortion.
* * * LOW HITPOINT WARNING * * *
Space warps around you.
* * * LOW HITPOINT WARNING * * *
You hit the kobold but do no damage. The kobold barely misses you. x2
The kobold hits you with a +0 dagger.
* * * LOW HITPOINT WARNING * * *
You closely miss the kobold. The kobold barely misses you.
The kobold hits you but does no damage. x2; Space warps around you.
* * * LOW HITPOINT WARNING * * *
You closely miss the kobold.
The kobold zaps a wand.
The bolt of acid hits you. You resist.
* * * LOW HITPOINT WARNING * * *
The acid corrodes you!
The kobold hits you with a +0 whip of distortion.
* * * LOW HITPOINT WARNING * * *
Space warps horribly around you!!
You die...

# ##.................#
# #............#....##
## #.............##.##
.###...........#...##
...............#...#
...###..#####......##
...######.$$##....#.##
....####.....###.###.#
.....##~.#K#.~#K@# ###
......#⌠.#.#.⌠#K##
......#~.#K#.K#K#
......##.K.K.##K#
.......##''K##).##
...............#.#####
...........######....##
............# ##....#
............## #.####


You could see 4 kobolds.

Vanquished Creatures
  A phantom (D:5)
  A kobold brigand (D:5)
  A hound (D:5)
  2 iguanas (D:4)
  3 gnolls
  6 adders
  A white imp (D:5)
  An ufetubus (D:5)
  2 worms
  3 dart slugs
  8 orcs
  5 bats
  6 endoplasms
  2 giant cockroaches
  5 goblins
  5 hobgoblins
  6 jackals
  12 kobolds
  3 quokkas
  9 ball pythons
  3 frilled lizards
  6 rats
91 creatures vanquished.

Vanquished Creatures (others)
  The ghost of Flugkiller the Sneak, a weakling OpDe (D:5)
  A fungus (D:5)
  3 plants (D:5)
5 creatures vanquished.

Grand Total: 96 creatures vanquished

Notes
Turn   | Place    | Note
-------+----------+-------------------------------------------
     0 | D:1      | Absynth the Demonspawn Gladiator began the quest for the
                  | Orb.
     0 | D:1      | Reached XP level 1. HP: 16/16 MP: 1/1
   111 | D:1      | Gained mutation: You are partially covered in yellow
                  | scales. (AC +2) [demonic ancestry]
   111 | D:1      | Reached XP level 2. HP: 22/22 MP: 2/2
   168 | D:1      | Reached skill level 3 in Polearms
   787 | D:2      | Reached XP level 3. HP: 23/28 MP: 3/3
   824 | D:2      | Reached skill level 1 in Armour
  1630 | D:3      | Gained mutation: You regenerate a little health from kills.
                  | [demonic ancestry]
  1630 | D:3      | Reached XP level 4. HP: 34/34 MP: 4/4
  2594 | D:4      | Reached skill level 4 in Polearms
  2594 | D:4      | Reached XP level 5. HP: 28/40 MP: 5/5
  2827 | D:5      | Entered Level 5 of the Dungeon
  2886 | D:5      | Found a runed translucent gate.
  2886 | D:5      | Found a runed translucent gate.
  2886 | D:5      | Found a runed translucent gate.
  2890 | D:5      | Noticed Flugkiller's ghost (weakling OpDe)
  3216 | D:5      | Found a staircase to the Ecumenical Temple.
  3225 | Temple   | Entered the Ecumenical Temple
  3225 | Temple   | Found a transporter.
  3225 | Temple   | Found a transporter.
  3227 | Temple   | Found a transporter.
  3227 | Temple   | Found a transporter.
  3253 | Temple   | Became a worshipper of Warmaster Okawaru
  3494 | D:5      | Gained mutation: You have a pair of small horns on your
                  | head. [demonic ancestry]
  3494 | D:5      | Reached XP level 6. HP: 11/47 MP: 6/6
  3830 | D:5      | Found a sacrificial altar of Ru.
  3830 | D:5      | Found a faded altar of an unknown god.
  3838 | D:5      | Found a faded altar of an unknown god.
  3840 | D:5      | Found an opulent altar of Gozag.
  4323 | D:5      | Reached * piety under Okawaru
  4326 | D:5      | Killed Flugkiller's ghost
  4336 | D:5      | Mangled by a kobold

Illustrated notes

Levels and vault maps discovered:
D:1:      wander_arrival_peaceful_grave, layout_loops_cross, serial_forest,
          infiniplex_forest_straight_4, infiniplex_forest_clump_small,
          infiniplex_forest_straight_2, infiniplex_forest_fountain,
          infiniplex_forest_fountain, nrook_mini_backslash, minmay_box_of_dots
D:2:      layout_rooms, serial_rivers, chequers_serial_rivers_room_a,
          chequers_serial_rivers_marsh, chequers_serial_rivers_micro_c,
          chequers_serial_rivers_large_a, chequers_serial_rivers_micro_c
D:3:      layout_basic, kennysheep_generic_room_14
D:4:      layout_basic, minmay_distorted
D:5:      layout_layer_cave, chequers_temple_overflow_minitemple, temple_pool_b,
          gammafunk_ghost_nasty_kobolds, minmay_misc_feat_doors
Temple:   hellmonk_temple_divided_pantheon

Skill      XL: |  1  2  3  4  5 |
---------------+----------------+-----
Polearms       | 3 4 |  4.8
Dodging        | 3 |  3.8
Armour         | 1 2 |  2.5
Fighting       | 3 |  3.6
Throwing       | |  1.7

Action                     |  1- 3 |  4- 6 || total
---------------------------+-------+-------++-------
  Melee: Trident           |   144 |   202 ||   346
         Punch             |     2 |     1 ||     3
         Headbutt          |       |     5 ||     5
  Evoke: Wand              |       |     1 ||     1
   Stab: Sleeping          |     3 |       ||     3
 Armour: Leather armour    |    59 |       ||    59
         Plate armour      |     6 |   142 ||   148
  Dodge: Dodged            |    77 |    45 ||   122

Table legend: (Time is in decaauts)
 A = Elapsed time spent in this place.
 B = Non-inter-level travel time spent in this place.
 C = Inter-level travel time spent in this place.
 D = Time resting spent in this place.
 E = Time spent auto-exploring this place.
 F = Levels seen in this place.
 G = Mean time per level.
                   A        B        C        D        E       F      G
               +--------+--------+--------+--------+--------+-----+--------+
         Total |   4384 |   4309 |     75 |    185 |   3320 |   6 |  730.7 |
       Dungeon |   4341 |   4273 |     68 |    185 |   3314 |   5 |  868.2 |
        Temple |     42 |     35 |      7 |      0 |      6 |   1 |   42.0 |
               +--------+--------+--------+--------+--------+-----+--------+

Top non-repeatable levels by time:
     D:5: 1419 daAuts
     D:4: 804 daAuts
     D:1: 785 daAuts
     D:2: 685 daAuts
     D:3: 646 daAuts
  Temple: 42 daAuts
